 Dungeon Crawl Stone Soup version 0.24.0-123-gd5b16e6ec5 (webtiles) character file.

Game seed: 11447374000091938739, levelgen mode: deterministic

119325 brucemayne the Executioner (level 16, -2/243 HPs)
             Began as a Hill Orc Monk on Jan 25, 2020.
             Was a High Priest of Trog.
             Engulfed by a cloud of poison gas (3 damage)
             ... on level 4 of the Swamp on Jan 26, 2020.
             The game lasted 01:13:38 (13177 turns).

brucemayne the Executioner (Hill Orc Monk)         Turns: 13177, Time: 01:13:39

Health: -2/243     AC: 24    Str: 26    XL:     16   Next: 79%
Magic:  16/16      EV: 21    Int: 10    God:    Trog [*****.]
Gold:   1171       SH:  0    Dex: 18    Spells: 15/15 levels left

rFire    + + .     SeeInvis .   w - +3 executioner's axe (elec)
rCold    . . .     Gourm    .   (shield currently unavailable)
rNeg     . . .     Faith    .   y - +2 plate armour {rF+}
rPois    .         Spirit   .   B - +1 helmet
rElec    .         Reflect  .   D - scarf {repulsion}
rCorr    .         Harm     .   O - +3 pair of gauntlets of War {Slay+5}
MR       +....                  C - +2 pair of boots
Stlth    ..........             m - amulet of the acrobat
HPRegen  0.50/turn              H - +4 ring of evasion
MPRegen  0.15/turn              n - +3 ring of evasion

@: mighty, agile, berserking, lethally poisoned (-2 -> -88), repel missiles,
very quick
A: blurry vision 1, fire resistance 1
a: Berserk, Trog's Hand, Brothers in Arms, Renounce Religion


You were on level 4 of the Swamp.
You worshipped Trog.
Trog was extremely pleased with you.
You were hungry.

You visited 6 branches of the dungeon, and saw 28 of its levels.
You also visited: Ossuary, Gauntlet and Volcano.

You collected 1910 gold pieces.
You spent 739 gold pieces at shops.

Inventory:

Hand Weapons
 w - a +3 executioner's axe of electrocution (weapon)
 F - a +2 trident of venom
 N - a +2 war axe of freezing
Missiles
 L - 6 javelins (quivered)
 T - 3 throwing nets
 Z - 7 silver boomerangs
Armour
 d - the +6 scale mail of the Pleiades {rCorr}
   (You found it on level 13 of the Dungeon)

   It provides partial protection from all sources of acid and corrosion.
 f - the +0 buckler "Boyck" {MR++}
   (You bought it in a shop on level 2 of the Orcish Mines)

   It affects your resistance to hostile enchantments.
 g - +0 swamp dragon scales
 o - +0 fire dragon scales
 y - a +2 plate armour of fire resistance (worn)
 B - a +1 helmet (worn)
 C - a +2 pair of boots (worn)
 D - a scarf of repulsion (worn)
 J - a +2 ring mail of cold resistance
 O - the +3 pair of gauntlets of War (worn) {Slay+5}
   (You found it in a Gauntlet)

   It affects your accuracy and damage with ranged weapons and melee attacks
   (+5).
Jewellery
 b - an uncursed ring of fire
 e - an uncursed ring of protection from fire
 l - the ring "Kac Pui" {+Fly rElec rN+}
   (You found it in a Gauntlet)

   [ring of positive energy]

   It insulates you from electricity.
   It protects you from negative energy.
   It lets you fly.
 m - an amulet of the acrobat (around neck)
 n - a +3 ring of evasion (right hand)
 p - an uncursed ring of wizardry
 H - a +4 ring of evasion (left hand)
 I - an uncursed ring of positive energy
 Y - an uncursed amulet of harm
Wands
 t - a wand of iceblast (11)
 A - a wand of flame (16)
 E - a wand of polymorph (4)
 Q - a wand of disintegration (11)
 S - a wand of scattershot (4)
 V - a wand of acid (7)
 W - a wand of random effects (14)
Scrolls
 i - 7 scrolls of remove curse
 j - 2 scrolls of fog
 u - 5 scrolls of enchant armour
 X - a scroll of summoning
Potions
 a - 2 potions of magic
 h - 6 potions of agility
 k - 2 potions of ambrosia {unknown}
 q - a potion of berserk rage
 r - a potion of resistance
 s - 5 potions of might
 v - a potion of curing
 x - a potion of heal wounds
 z - 3 potions of invisibility {unknown}
 P - 2 potions of lignification
Miscellaneous
 R - a phial of floods
Comestibles
 c - 8 rations


   Skills:
 - Level 19.7 Fighting
 + Level 26.3 Axes
 - Level 5.1 Armour
 - Level 2.8 Dodging
 - Level 1.5 Stealth


You had 15 spell levels left.
You didn't know any spells.
Your spell library contained the following spells:

 Spells                   Type           Power        Failure   Level  Hunger
 Animate Skeleton         Necr           N/A          99%         1    ##.....
 Beastly Appendage        Tmut           #.....       99%         1    ##.....
 Pain                     Necr           #...         99%         1    ##.....
 Sticks to Snakes         Tmut           #.......     100%        2    ###....
 Regeneration             Chrm/Necr      #.........   100%        3    ####...
 Spider Form              Tmut/Pois      #.........   100%        3    ####...
 Vampiric Draining        Necr           #.........   100%        3    ####...
 Animate Dead             Necr           N/A          100%        4    #####..
 Ice Form                 Ice/Tmut       #.......     100%        4    #####..
 Blade Hands              Tmut           #.........   100%        5    ######.


Dungeon Overview and Level Annotations

Branches:
Dungeon (14/15)            Temple (1/1) D:7            Lair (6/6) D:8
  Swamp (4/4) Lair:4        Snake (0/4) Lair:3        Slime (0/5) Lair:6
    Orc (2/2) D:12            Elf (1/3) Orc:2       Ossuary (visited)
Volcano (visited)         Gauntlet (visited)
 Vaults: D:13-14

Altars:
Ashenzari
Elyvilon
Fedhas
Hepliaklqana
Makhleb
Okawaru
Ru
Sif Muna
Trog
Uskayaw
Vehumet
Wu Jian
Xom
Yredelemnul
The Shining One

Shops:
D:4 [   D:14 (   Orc:1 [   Orc:2 :(*[

Annotations:
D:10 exclusion: obsidian statue
D:14 Kirke


Innate Abilities, Weirdness & Mutations

Scrolls take you a little longer to read.
Your flesh is heat resistant. (rF+)


Message History

* * * LOW HITPOINT WARNING * * *
You feel very sick. The swamp dragon bites you!
* * * LOW HITPOINT WARNING * * *
The swamp dragon claws you.
* * * LOW HITPOINT WARNING * * *
The swamp dragon tramples you but does no damage.
The swamp drake bites you but does no damage.
You slice the swamp dragon!!
You feel the power of Trog in you as your rage grows.
You kill the swamp dragon!
Trog accepts your kill.
You hear a splash.
The swamp dragon scales are intact enough to wear.
You carve the swamp drake like a ham!!!
You kill the swamp drake!
Trog accepts your kill.
You are engulfed in poison gas.
You are more poisoned.
You die...

≈♣≈♣≈........≈♣♣.♣♣ ♣♣
.≈≈.≈§..≈≈≈.†.≈...♣♣.♣♣
.≈≈..≈...†....≈≈..♣≈≈≈♣
≈........≈.≈)≈...≈≈.%♣
...D)≈.........†....§♣
.≈.§.≈.....≈..≈.○≈☼°♣♣
..≈≈≈≈≈≈≈≈≈♣..≈☼○○°○♣
.≈≈≈≈≈≈≈≈≈≈≈♣.≈○○°○♣♣
.≈≈###≈≈###≈≈..○@☼°♣
.≈≈# #≈≈+ #≈≈≈.○☼○..♣
≈≈≈#+#≈≈# #≈≈≈.○..☼.♣
≈≈≈≈≈≈≈≈≈≈≈≈k≈..≈≈..♣
.≈≈≈≈≈≈≈≈≈≈≈≈..≈...≈.≈
♣≈≈# #≈≈###≈≈≈≈♣♣≈≈...≈
≈≈≈# #≈≈# #≈≈.≈ .≈≈♣.♣♣
≈≈≈###≈≈#+#≈≈.♣ .≈♣♣♣♣
≈.≈≈≈≈≈≈≈≈≈≈.≈.


You could see a swamp drake.

Vanquished Creatures
  Bai Suzhen (Swamp:4)
  A tentacled monstrosity (Swamp:4)
  3 thorn hunters
  An orc warlord (Orc:2)
  The ghost of Lutiheq the Grappler, a journeyman DrTm of Wu Jian (Lair:4)
  A dire elephant (Lair:6)
  A minotaur (Gauntlet)
  Snorg (Lair:6)
  Josephine (D:12)
  Harold (D:9)
  17 hydras
  A shambling mangrove (Swamp:3)
  2 ghost crabs
  4 two-headed ogres
  Erica (Orc:1)
  4 catoblepae (Lair:6)
  A tengu warrior (D:13)
  12 death yaks
  10 alligators
  2 orc high priests (Orc:2)
  6 spriggans
  4 spriggan druids
  An unseen horror (D:10)
  5 swamp dragons
  Pikel (D:6)
  3 orc knights (Orc:2)
  A wolf spider zombie (D:13)
  2 orc sorcerers (Orc:2)
  An ugly thing (D:13)
  3 deep elf magi
  2 manticores
  A cyclops (D:11)
  2 salamanders (Volcano)
  A moth of wrath (Gauntlet)
  3 black mambas
  3 centaur zombies
  Joseph (D:7)
  An eye of devastation (Lair:6)
  A gargoyle (D:10)
  21 spiny frogs
  3 centaur skeletons
  A rime drake (Lair:2)
  A torpor snail (Lair:4)
  5 komodo dragons
  A kobold demonologist (D:13)
  6 trolls
  8 tyrant leeches
  9 hornets
  7 bog bodies
  12 dream sheep
  5 hippogriffs
  12 slime creatures
  Sigmund (D:6)
  2 shadows
  7 wyverns
  A water elemental (D:12)
  A vampire (D:11)
  A fire bat (Volcano)
  3 hogs
  3 wraiths (D:12)
  28 yaks
  A neqoxec (Gauntlet)
  A basilisk (Lair:2)
  A chaos spawn (Gauntlet)
  Menkaure (D:7)
  3 hungry ghosts
  6 vampire mosquitoes
  5 insubstantial wisps (Swamp:3)
  5 nagas (Lair:3)
  6 wargs
  22 swamp worms
  6 porcupines
  9 soldier ants
  2 hell hounds (Volcano)
  13 water moccasins
  4 slaves (D:6)
  11 swamp drakes
  4 sky beasts
  A black bear (D:7)
  An eye of draining (Lair:6)
  4 ice beasts
  3 phantoms
  37 orc warriors
  12 wolves
  13 ogres
  6 centaurs
  14 crocodiles
  11 bullfrogs
  A big kobold (D:7)
  A wyvern zombie (D:13)
  A gnoll sergeant (D:7)
  4 scorpions
  A howler monkey (D:7)
  5 wights (D:8)
  4 crimson imps
  2 bullfrog zombies
  A quasit (D:8)
  16 orc wizards
  14 orc priests
  11 hounds
  A jelly (D:11)
  3 bullfrog skeletons
  3 iguanas
  14 worker ants
  4 hell rats (Lair:5)
  A hound skeleton (D:6)
  12 mummies (Ossuary)
  A worker ant zombie (D:8)
  Robin (D:4)
  6 gnolls
  16 adders
  A river rat (D:12)
  3 adder zombies
  A dart slug (D:4)
  6 leopard geckos
  68 orcs
  2 ball pythons
  11 goblins
  4 hobgoblins
  7 jackals (D:2)
  6 quokkas
  8 bats
  6 frilled lizards
  A gnoll skeleton (Ossuary)
  4 goblin skeletons (Ossuary)
  6 kobolds
  2 kobold skeletons (Ossuary)
  An orc skeleton (Ossuary)
  2 quokka zombies
  3 rats
  11 rat skeletons (Ossuary)
  A rat zombie (D:4)
  3 briar patches (Swamp:2)
  5 fungi
  6 plants
739 creatures vanquished.

Vanquished Creatures (collateral kills)
  2 orc warlords (Orc:1)
  3 hydras (Swamp:4)
  An alligator (Swamp:4)
  A manticore (Lair:6)
  6 orc warriors
  3 orcs (Orc:1)
16 creatures vanquished.

Vanquished Creatures (others)
  A centaur (Volcano)
  An orc (Orc:1)
  17 briar patches
  24 fungi
  30 plants
73 creatures vanquished.

Grand Total: 828 creatures vanquished

Notes
Turn   | Place    | Note
-------+----------+-------------------------------------------
     0 | D:1      | brucemayne the Hill Orc Monk began the quest for the Orb.
     0 | D:1      | Reached XP level 1. HP: 19/19 MP: 1/1
   143 | D:1      | Reached XP level 2. HP: 15/26 MP: 2/2
   247 | D:2      | Reached skill level 5 in Axes
   287 | D:2      | Reached XP level 3. HP: 5/31 MP: 3/3
   370 | D:2      | Found a radiant altar of Vehumet.
   684 | D:3      | Found a white marble altar of Elyvilon.
   689 | D:3      | Found an iron altar of Okawaru.
   693 | D:3      | Found a bloodstained altar of Trog.
   701 | D:3      | Became a worshipper of Trog the Wrathful
   701 | D:3      | Reached * piety under Trog
   701 | D:3      | Reached ** piety under Trog
   844 | D:4      | Reached skill level 6 in Axes
   867 | D:5      | Entered Level 5 of the Dungeon
   883 | D:4      | Reached XP level 4. HP: 34/39 MP: 4/4
   920 | D:4      | Reached skill level 7 in Axes
   949 | D:4      | Reached XP level 5. HP: 38/45 MP: 5/5
   974 | D:4      | Reached skill level 8 in Axes
  1043 | D:4      | Found a sand-covered staircase.
  1065 | Ossuary  | Entered an ossuary
  1129 | Ossuary  | Reached XP level 6. HP: 29/51 MP: 6/6
  1257 | Ossuary  | Reached skill level 9 in Axes
  1516 | D:4      | Found Paogaq's Armour Boutique.
  1518 | D:4      | Noticed Robin
  1529 | D:4      | Killed Robin
  1603 | D:4      | Reached skill level 10 in Axes
  1603 | D:4      | Reached XP level 7. HP: 46/57 MP: 7/7
  1679 | D:3      | Found a basalt altar of Yredelemnul.
  1820 | D:5      | Found a shimmering altar of Xom.
  1833 | D:5      | Reached *** piety under Trog
  1833 | D:5      | Reached skill level 11 in Axes
  1917 | D:6      | Reached XP level 8. HP: 48/64 MP: 8/8
  1929 | D:6      | Reached skill level 12 in Axes
  2226 | D:6      | Noticed Pikel
  2241 | D:6      | Reached skill level 13 in Axes
  2242 | D:6      | Killed Pikel
  2242 | D:6      | Reached skill level 14 in Axes
  2242 | D:6      | Reached XP level 9. HP: 70/70 MP: 9/9
  2257 | D:6      | Noticed Sigmund
  2261 | D:6      | Killed Sigmund
  2271 | D:6      | You fall into a shaft and drop 1 floor!
  2273 | D:7      | Noticed Joseph
  2282 | D:7      | Killed Joseph
  2282 | D:7      | Reached skill level 15 in Axes
  2445 | D:7      | Noticed Menkaure
  2456 | D:7      | Killed Menkaure
  2514 | D:7      | Reached skill level 16 in Axes
  2718 | D:7      | Reached skill level 1 in Armour
  2735 | D:7      | Found a staircase to the Ecumenical Temple.
  2758 | D:7      | Reached XP level 10. HP: 43/80 MP: 10/10
  2782 | Temple   | Entered the Ecumenical Temple
  2834 | D:7      | Reached skill level 5 in Fighting
  3110 | D:8      | Found a staircase to the Lair.
  3162 | D:8      | Found a hide-covered altar of Uskayaw.
  3245 | D:8      | Reached **** piety under Trog
  3646 | D:7      | Reached skill level 5 in Armour
  3892 | D:9      | Noticed Harold
  3928 | D:9      | Killed Harold
  3928 | D:9      | Reached skill level 17 in Axes
  4116 | D:9      | Reached XP level 11. HP: 92/92 MP: 11/11
  4195 | D:9      | Reached skill level 18 in Axes
  4260 | D:10     | Entered Level 10 of the Dungeon
  4307 | D:10     | Reached ***** piety under Trog
  4405 | D:11     | You fall into a shaft and drop 3 floors!
  4420 | D:14     | Found Egorruf's Weapon Emporium.
  4474 | D:14     | Noticed Kirke
  4500 | D:13     | Noticed a skeletal warrior
  4502 | D:13     | Noticed a skeletal warrior
  4502 | D:13     | Noticed a skeletal warrior
  4502 | D:13     | Noticed a skeletal warrior
  4568 | D:13     | Noticed a brown ugly thing
  4582 | D:13     | Killed a brown ugly thing
  4582 | D:13     | Reached skill level 19 in Axes
  4724 | D:13     | Noticed a tengu warrior
  4754 | D:13     | Killed a tengu warrior
  4823 | D:12     | You fall into a shaft and drop 1 floor!
  4879 | D:13     | Got a jewelled scale mail
  4920 | D:12     | Noticed Josephine
  4935 | D:12     | Killed Josephine
  5032 | D:12     | Noticed a queen ant
  5045 | D:13     | Reached XP level 12. HP: 81/105 MP: 12/12
  5238 | D:11     | Reached skill level 10 in Fighting
  5520 | D:11     | Noticed a two-headed ogre
  5537 | D:11     | Killed a two-headed ogre
  5629 | D:11     | Noticed a two-headed ogre
  5642 | D:11     | Killed a two-headed ogre
  5642 | D:11     | Received a gift from Trog
  6043 | D:12     | Identified the +6 scale mail of the Pleiades {rCorr} (You
                  | found it on level 13 of the Dungeon)
  6139 | D:12     | Found a staircase to the Orcish Mines.
  6148 | Orc:1    | Entered Level 1 of the Orcish Mines
  6247 | Orc:1    | Noticed an orc warlord
  6257 | Orc:1    | Killed an orc warlord
  6352 | Orc:2    | Entered Level 2 of the Orcish Mines
  6352 | Orc:2    | Found Amim Kokhe's Antique Weapon Emporium.
  6352 | Orc:2    | Noticed an orc high priest
  6352 | Orc:2    | Noticed an orc warlord
  6467 | Orc:1    | Found Idyere's Armour Emporium.
  6513 | Orc:2    | Noticed a soul eater
  6576 | Orc:2    | Noticed a sun demon
  6586 | Orc:1    | Reached XP level 13. HP: 102/125 MP: 13/13
  6657 | Orc:2    | Killed an orc warlord
  6657 | Orc:2    | Reached skill level 15 in Fighting
  6850 | Orc:2    | Reached skill level 20 in Axes
  6939 | Orc:2    | Found Romuukh's General Store.
  6951 | Orc:2    | Found a staircase to the Elven Halls.
  7162 | Orc:2    | Found Egheuco's Antique Armour Shop.
  7228 | Orc:2    | Found Ywaopp's Book Boutique.
  7272 | Orc:1    | Noticed an orc warlord
  7273 | Orc:1    | Received a gift from Trog
  7275 | Orc:1    | Noticed Erica
  7285 | Orc:1    | Killed an orc warlord
  7374 | Orc:1    | Killed Erica
  7500 | Orc:2    | Bought a transparent war axe for 195 gold pieces
  7537 | Orc:2    | Bought a warped buckler for 304 gold pieces
  7537 | Orc:2    | Bought a pair of runed boots for 240 gold pieces
  7540 | Orc:2    | Identified the +5 war axe "Attygud" {chop, Fragile +Rage
                  | rF++ Dex+2} (You bought it in a shop on level 2 of the
                  | Orcish Mines)
  7546 | Orc:2    | Identified the +0 buckler "Boyck" {MR++} (You bought it in
                  | a shop on level 2 of the Orcish Mines)
  7573 | Elf:1    | Entered Level 1 of the Elven Halls
  7850 | Lair:1   | Entered Level 1 of the Lair of Beasts
  8000 | Lair:3   | Found a dark tunnel.
  8009 | Volcano  | Entered a volcano
  8245 | Lair:3   | Found a staircase to the Snake Pit.
  8322 | Lair:4   | Found a runed translucent gate.
  8322 | Lair:4   | Found a runed translucent gate.
  8322 | Lair:4   | Found a runed translucent gate.
  8326 | Lair:4   | Noticed Lutiheq's ghost (journeyman DrTm)
  8371 | Lair:4   | Killed Lutiheq's ghost
  8371 | Lair:4   | Reached XP level 14. HP: 143/143 MP: 14/14
  8512 | Lair:5   | Found a gate leading to a gauntlet.
  8595 | Gauntlet | Entered a Gauntlet
  8595 | Gauntlet | Found a transporter.
  8595 | Gauntlet | Found a transporter.
  8597 | Gauntlet | Found a transporter.
  8598 | Gauntlet | Found a transporter.
  8613 | Gauntlet | Found a transporter.
  8622 | Gauntlet | Found a transporter.
  8625 | Gauntlet | Found a transporter.
  8633 | Gauntlet | Found a transporter.
  8649 | Gauntlet | Found a transporter.
  8663 | Gauntlet | Found a transporter.
  8667 | Gauntlet | Found a transporter.
  8675 | Gauntlet | Found a transporter.
  8681 | Gauntlet | Found the +3 pair of gauntlets of War {Slay+5}
  8707 | Gauntlet | Gained mutation: You are agile. (Dex +2) [a neqoxec]
  8813 | Gauntlet | Got a transparent marble ring
  8814 | Gauntlet | Identified the ring "Kac Pui" {+Fly rElec rN+} (You found
                  | it in a Gauntlet)
  8919 | Lair:6   | Entered Level 6 of the Lair of Beasts
  8943 | Lair:6   | Received a gift from Trog
  8998 | Lair:6   | Found a staircase to the Slime Pits.
  9097 | Lair:6   | Noticed a dire elephant
  9109 | Lair:6   | Killed a dire elephant
  9345 | Lair:6   | Reached skill level 21 in Axes
  9403 | Lair:6   | Noticed Snorg
  9411 | Lair:6   | Killed Snorg
  9505 | Lair:6   | Reached XP level 15. HP: 113/155 MP: 15/15
  9890 | Lair:4   | Reached skill level 22 in Axes
 11216 | Lair:4   | Found a staircase to the Swamp.
 11253 | Swamp:1  | Entered Level 1 of the Swamp
 11323 | Swamp:1  | Reached skill level 23 in Axes
 11452 | Swamp:2  | Received a gift from Trog
 11624 | Swamp:2  | Noticed a thorn hunter
 11639 | Swamp:2  | Killed a thorn hunter
 11852 | Swamp:3  | Received a gift from Trog
 11927 | Swamp:2  | Reached skill level 24 in Axes
 12070 | Swamp:3  | Reached XP level 16. HP: 134/162 MP: 16/16
 12147 | Swamp:3  | Noticed a thorn hunter
 12172 | Swamp:3  | Killed a thorn hunter
 12184 | Swamp:4  | Entered Level 4 of the Swamp
 12203 | Swamp:4  | Noticed a thorn hunter
 12204 | Swamp:4  | Noticed a tentacled monstrosity
 12216 | Swamp:4  | Killed a thorn hunter
 12218 | Swamp:4  | Killed a tentacled monstrosity
 12281 | Swamp:3  | Reached skill level 25 in Axes
 12535 | Swamp:3  | Found an ornate altar of the Wu Jian Council.
 12861 | Swamp:3  | Received a gift from Trog
 13061 | Swamp:4  | Noticed Bai Suzhen
 13142 | Swamp:4  | Lost mutation: You are agile. (Dex +2) [potion of mutation]
 13142 | Swamp:4  | Gained mutation: Your muscles are strong. (Str +2) [potion
                  | of mutation]
 13142 | Swamp:4  | Gained mutation: You evolve. [potion of mutation]
 13142 | Swamp:4  | Gained mutation: Your muscles are very strong. (Str +4)
                  | [potion of mutation]
 13143 | Swamp:4  | Lost mutation: Your muscles are very strong. (Str +4)
                  | [potion of mutation]
 13143 | Swamp:4  | Lost mutation: Your muscles are strong. (Str +2) [potion of
                  | mutation]
 13143 | Swamp:4  | Lost mutation: You evolve. [potion of mutation]
 13143 | Swamp:4  | Gained mutation: Your mind is acute. (Int +2) [potion of
                  | mutation]
 13143 | Swamp:4  | Gained mutation: You are frail. (-10% HP) [potion of
                  | mutation]
 13143 | Swamp:4  | Gained mutation: You have large cloven feet. [potion of
                  | mutation]
 13143 | Swamp:4  | Gained mutation: Your flesh is heat resistant. (rF+)
                  | [potion of mutation]
 13144 | Swamp:4  | Lost mutation: Your flesh is heat resistant. (rF+) [potion
                  | of mutation]
 13144 | Swamp:4  | Lost mutation: You are frail. (-10% HP) [potion of
                  | mutation]
 13144 | Swamp:4  | Lost mutation: Your mind is acute. (Int +2) [potion of
                  | mutation]
 13144 | Swamp:4  | Lost mutation: You have large cloven feet. [potion of
                  | mutation]
 13144 | Swamp:4  | Gained mutation: Scrolls take you a little longer to read.
                  | [potion of mutation]
 13144 | Swamp:4  | Gained mutation: Your flesh is heat resistant. (rF+)
                  | [potion of mutation]
 13155 | Swamp:4  | Reached skill level 26 in Axes
 13171 | Swamp:4  | Killed Bai Suzhen
 13176 | Swamp:4  | HP: 4/243 [swamp dragon[a spriggan druid] (14)]
 13176 | Swamp:4  | HP: 1/243 [swamp dragon[a spriggan druid] (3)]
 13177 | Swamp:4  | Engulfed by a cloud of poison gas

Levels and vault maps discovered:
D:1:      dpeg_arrival_arbitrary_b, layout_basic
D:2:      layout_basic, lemuel_doored_altar
D:3:      layout_basic, yredelemnul_altar_generic,
          minmay_overflow_temple_star_quad, uniq_crazy_yiuf_cottage
D:4:      layout_basic, serial_glass, glass_columns_a, glass_columns_a,
          due_unseen_surprise, item_on_display_b, enter_ossuary_4, serial_shops,
          shop, uniq_robin
D:5:      layout_basic, basic_altar, serial_shops, shop, first_ration,
          uniq_blork_the_orc, uniq_edmund
D:6:      layout_gridville, grunt_ministairs_11, uniq_sigmund, uniq_pikel
D:7:      layout_loops_cross, minmay_temple_entry_slanted, grunt_ogre_cave,
          uniq_joseph, uniq_menkaure
D:8:      layout_layer_cave, eat_drink_and_be_merry_uskayaw, lair_entry_dummy,
          chei_slow_surprise
D:9:      layout_loops_ring, dk_noncrumbling_3, nrook_mini_vaults, uniq_harold
D:10:     layout_irregular_city, minmay_protected_statue
D:11:     layout_basic, serial_bayou, serial_bayou_pond_e, serial_bayou_pond_c,
          serial_bayou_shore_a, serial_bayou_lagoon_a, serial_bayou_pond_e
D:12:     layout_cave_pools, erik_orc_2, chequers_serial_rivers_small_3,
          zaba_antful_of_joy, uniq_josephine
D:13:     layout_loops_ring, chequers_serial_rivers_micro_e
D:14:     layout_irregular_city, david_vaults_5, elyvilon_altar_4, serial_shops,
          shop, uniq_kirke
Temple:   eino_temple_scatter_basement
Lair:1:   layout_roguey, special_room [special_room_bee], beast_lair_carwin_7
Lair:2:   minmay_lair_venomous_thicket, layout_loops_ring, guppyfry_lair_drakes
Lair:3:   layout_regular_city, minmay_snake_entry_guardpost_large,
          nicolae_volcano_entry_hallway
Lair:4:   layout_cave_pods, minmay_swamp_entry_reptiles,
          ebering_ghost_rock_garden, beast_lair_carwin_5, grunt_megastairs_5,
          lemuel_fruit_tree
Lair:5:   layout_regular_city, gauntlet_entry_generic, st_stairs_6,
          grunt_forest_large_clearing_hut, grunt_megastairs_2,
          infiniplex_staircase_pool_2
Lair:6:   evilmike_catoblepas_cave, layout_loops_ring, minmay_slime_entry_eyes,
          serial_bayou_lagoon_b, uniq_snorg
Swamp:1:  layout_falls_marsh, hangedman_swamp_blocks, cheibrodos_swamp_slimy
Swamp:2:  layout_basic_swamp, evilmike_swamp_ruin_rubble_2, swamp_pool5,
          nicolae_swamp_very_dense_foliage
Swamp:3:  layout_basic_swamp, nicolae_swamp_godswood
Swamp:4:  swamp_basic_johnstein, layout_basic_swamp, swamp_pool5, ldierk_geyser,
          water_boxes_lemuel, uniq_bai_suzhen
Orc:1:    layout_caves, serial_shops, nicolae_shop_stone, uniq_erica
Orc:2:    grunt_orc_gardens, layout_caves, grunt_orc_garden, grunt_orc_garden,
          grunt_orc_garden, grunt_orc_garden
Elf:1:    minmay_elf_arrival_circle, layout_loops_ring, orc_legates,
          grunt_ministairs_1

Skill      XL: |  1  2  3  4  5  6  7  8  9 10 11 12 13 14 15 16 |
---------------+-------------------------------------------------+-----
Axes           | 5 6 7 8 10 11 14 16 17 19 20 21 24 26 | 26.3
Armour         | 2 5 |  5.1
Fighting       | 4 7 9 14 18 19 | 19.7
Dodging        | |  2.8
Stealth        | |  1.5

Action                   |  1- 3 |  4- 6 |  7- 9 | 10-12 | 13-15 | 16-18 || total
-------------------------+-------+-------+-------+-------+-------+-------++-------
Melee: Hand axe          |   176 |    37 |       |       |       |       ||   213
       War axe           |       |   139 |   250 |   199 |    11 |       ||   599
       Battleaxe         |       |       |       |   526 |   341 |       ||   867
       Executioner's axe |       |       |       |       |   347 |   170 ||   517
       Trident           |       |       |       |       |    72 |    43 ||   115
Throw: Javelin           |       |       |       |       |     2 |       ||     2
Invok: Trog's Hand       |       |     8 |     4 |    14 |    22 |     7 ||    55
       Berserk           |       |     5 |     7 |    15 |    19 |     5 ||    51
       Brothers in Arms  |       |       |       |     1 |     3 |     3 ||     7
Evoke: Wand              |       |     1 |     6 |     5 |       |     2 ||    14
  Use: Potion            |       |     2 |       |     3 |     1 |     7 ||    13
       Scroll            |       |       |     2 |    12 |    13 |     3 ||    30
 Stab: Sleeping          |     2 |       |       |       |       |       ||     2
       Paralysed         |       |     3 |     9 |     7 |       |       ||    19
       Petrifying        |       |       |       |       |     2 |       ||     2
       Petrified         |       |       |       |       |     1 |       ||     1
       Confused          |       |       |       |       |       |     1 ||     1
  Eat: Chunk             |       |     4 |     5 |    16 |    19 |       ||    44
       Ration            |       |     2 |     2 |     9 |     8 |     3 ||    24
Armor: Ring mail         |    55 |       |       |       |       |       ||    55
       Chain mail        |    72 |    56 |   201 |   355 |       |       ||   684
       Scale mail        |       |       |       |    30 |    79 |       ||   109
       Plate armour      |       |       |       |       |   325 |    50 ||   375
       Fire dragon scale |       |       |       |       |    15 |       ||    15
       Swamp dragon scal |       |       |       |       |    38 |    49 ||    87
Dodge: Dodged            |   107 |    52 |    95 |   229 |   348 |   211 ||  1042
       Deflected         |       |       |       |     1 |    16 |    10 ||    27
Block: Buckler           |       |       |       |       |     1 |       ||     1
